 Dungeon Crawl Stone Soup version 0.29.1-1-gd02db6906a (webtiles) character file.

Game seed: 14774527420932296568

21 DemonSlayer the Firebug (level 2, -1/19 HPs)
             Began as a Demonspawn Fire Elementalist on Sept 28, 2022.
             Killed from afar by a dart slug (6 damage)
             ... with a slug dart
             ... on level 1 of the Dungeon.
             The game lasted 00:01:47 (605 turns).

DemonSlayer the Firebug (DsFE)                       Turns: 605, Time: 00:01:48

Health: -1/19      AC:  2    Str:  8    XL:     2   Next: 62%
Magic:  0/5        EV: 12    Int: 16    God:
Gold:   47         SH:  0    Dex: 13    Spells: 2/5 levels left

rFire   . . .      SeeInvis .   b - +0 dagger
rCold   . . .      Faith    .   (no shield)
rNeg    . . .      Spirit   .   a - +0 robe
rPois   .          Reflect  .   (no helmet)
rElec   .          Harm     .   (no cloak)
rCorr   .          Rampage  .   (no gloves)
Will    .....                   (no boots)
Stlth   ++........              (no amulet)
HPRegen 0.06/turn               (no ring)
MPRegen 0.09/turn               (no ring)

@: no status effects
A: demonic magic 1
a: no special abilities


You were on level 1 of the Dungeon.
You visited 1 branch of the dungeon, and saw 1 of its levels.

You collected 47 gold pieces.

Inventory:

Hand Weapons
 b - a +0 dagger (weapon)
Armour
 a - a +0 robe (worn)
Scrolls
 d - a scroll of vulnerability {unknown}
 e - a scroll of immolation {unknown}
Potions
 c - a potion of might {unknown}


   Skills:
 + Level 0.2 Fighting
 + Level 1.8 Dodging
 + Level 2.1 Stealth
 + Level 2.1 Spellcasting
 + Level 1.0 Conjurations
 + Level 3.2 Fire Magic


You had 2 spell levels left.
You knew the following spells:

 Your Spells              Type           Power      Damage    Failure   Level
a - Foxfire               Conj/Fire      32%        2x1d5     9%          1
b - Scorch                Fire           24%        2d6       9%          2

Your spell library contained the following spells:

 Spells                   Type           Power      Damage    Failure   Level
 Conjure Flame            Conj/Fire      8%         6-21      26%         3
 Inner Flame              Hex/Fire       6%         N/A       32%         3
 Flame Wave               Conj/Fire      8%         2d5       63%         4


Dungeon Overview and Level Annotations

Branches:
Dungeon (1/15)

Altars:


Innate Abilities, Weirdness & Mutations

Spells you cast may paralyse adjacent enemies.


Message History

You kill the endoplasm!
Unknown command.
Okay, then.
You see here a ring of positive energy.
The endoplasm jiggles.
Your magical contamination has completely faded away.
You conjure some foxfire!
Malevolent energies surge around you.
The endoplasm suddenly stops moving!
The helpless endoplasm fails to defend itself.
You puncture the endoplasm!
You kill the endoplasm!
The foxfire hits the dart slug.
The dart slug is lightly wounded.
The foxfire hits the dart slug.
The dart slug is moderately wounded.
Found a scroll labelled ERAGAM PUCKEZ.
The dart slug launches a dart at you. The slug dart hits you.
A goblin comes into view. It is wielding a +0 club.
Found a runed golden ring.
The goblin shouts!
Found a scroll labelled EKKINL ZEHULA.
The goblin hits you with a +0 club.
You conjure some foxfire!
Malevolent energies surge around you. The goblin hits you with a +0 club.
You barely miss the goblin.
The foxfire hits the goblin.
The goblin is moderately wounded.
The foxfire hits the goblin.
The goblin is almost dead.
The goblin misses you.
Unknown command.
You hit the goblin.
You kill the goblin!
The dart slug launches a dart at you. The slug dart hits you.
* * * LOW HITPOINT WARNING * * *
You see here a +0 club.
A rat comes into view.
The dart slug launches a dart at you. The slug dart hits you.
You die...

#######.r ........ #...?..
### #..... ...###....
#....... #...=..# #.....@#
#.....)# #. .# . ##.....#
##.####.# .. #.?...#
#.....#.# . #. #.....#
#.....#.###.. #. #.....#
#.......... ##.## #.#.###
#........#
##...###.#w######...)..).##.#
##.....#+
#.#................#


You could see a dart slug and a rat (wandering).

Vanquished Creatures
  A dart slug (D:1)
  A ball python (D:1)
  4 endoplasms (D:1)
  A giant cockroach (D:1)
  4 goblins (D:1)
  A hobgoblin (D:1)
  A quokka (D:1)
  A kobold (D:1)
  A rat (D:1)
15 creatures vanquished.

Vanquished Creatures (others)
  41 foxfires (D:1)
41 creatures vanquished.

Grand Total: 56 creatures vanquished

Notes
Turn   | Place    | Note
-------+----------+-------------------------------------------
     0 | D:1      | DemonSlayer the Demonspawn Fire Elementalist began the
                  | quest for the Orb.
     0 | D:1      | Reached XP level 1. HP: 13/13 MP: 3/3
    90 | D:1      | Reached skill level 3 in Fire Magic
   237 | D:1      | Gained mutation: Spells you cast may paralyse adjacent
                  | enemies. [demonic ancestry]
   237 | D:1      | Reached XP level 2. HP: 19/19 MP: 0/5
   240 | D:1      | Learned a level 2 spell: Scorch
   605 | D:1      | Killed from afar by a dart slug

Illustrated notes

Levels and vault maps discovered:
D:1:      lemuel_arrival_rhombus, layout_basic

Skill      XL: |  1 |
---------------+----+-----
Fire Magic     | 3 |  3.2
Stealth        | 2 |  2.1
Fighting       | |  0.2
Dodging        | |  1.8
Spellcasting   | |  2.1
Conjurations   | |  1.0

Action                   || total
-------------------------++-------
Melee: Unarmed           ||     4
       Dagger            ||     5
 Cast: Foxfire           ||    27
       Scorch            ||     2
  Use: Potion            ||     1
 Stab: Paralysed         ||     2
       Sleeping          ||     1
Armor: Robe              ||     3
Dodge: Dodged            ||     6
